[Event "ICC tourney 1970 (45 10)"]
[Site "Internet Chess Club"]
[Date "2020.08.22"]
[Round "1"]
[White "jerryjhzhang"]
[Black "miyzhang"]
[Result "0-1"]
[ICCResult "White resigns"]
[WhiteElo "905"]
[BlackElo "1338"]
[Opening "Ruy Lopez: Marshall counter-attack, 11...c6"]
[ECO "C89"]
[NIC "RL.17"]
[Time "11:08:31"]
[TimeControl "2700+10"]

1. e4 e5 2. Nf3 Nc6 3. Bb5 a6 4. Ba4 Nf6 5. O-O Be7 6. Re1 b5 7. Bb3 O-O 8.
c3 d5 9. exd5 Nxd5 10. Nxe5 Nxe5 11. Rxe5 c6 12. Qe1 Bd6 13. Re4 Bf5 14. Rd4
Bc5 15. Rxd5 cxd5 16. Qe5 Be6 17. d4 Bd6 18. Qh5 Qd7 19. Bc2 f5 20. Bg5 Bf7
21. Qh3 Rae8 22. Nd2 Bg6 23. Nf3 Qe6 24. g3 Qe2 25. Bd1 Qe6 26. Bb3 Bf7 27.
Be3 h6 28. Qh4 Be7 29. Qf4 Qe4 30. Qxe4 dxe4 31. Ne5 Bxb3 32. axb3 Ra8 33.
Ng6 Rfe8 34. Rd1 Kh7 35. Ne5 Bf6 36. Nf7 Re7 37. Nd6 g6 38. c4 Rd7 39. c5
Be7 40. Bf4 g5 41. Be5 Bxd6 42. cxd6 Rc8 43. b4 Rc2 44. d5 Rc8 45. Bf6 Rxd6
46. Be7 Rd7 47. Bf6 Kg6 48. Be5 Re8 49. Bc3 Red8 {White resigns} 0-1

[Event "ICC tourney 1970 (45 10)"]
[Site "Internet Chess Club"]
[Date "2020.08.22"]
[Round "2"]
[White "kushagra12"]
[Black "Alexpnng"]
[Result "0-1"]
[ICCResult "White checkmated"]
[WhiteElo "853"]
[BlackElo "1383"]
[Opening "Sicilian: Labourdonnais-Löwenthal variation"]
[ECO "B32"]
[NIC "SI.32"]
[Time "13:31:48"]
[TimeControl "2700+10"]

1. e4 c5 2. Nf3 Nc6 3. d4 cxd4 4. Nxd4 e5 5. Nxc6 bxc6 6. Bc4 Nf6 7. Nc3 Bb4
8. Bg5 h6 9. Bxf6 Qxf6 10. a3 Bxc3+ 11. bxc3 O-O 12. O-O Rd8 13. Bb3 Bb7 14.
Qd2 d5 15. exd5 cxd5 16. Rfd1 Qc6 17. Qd3 d4 18. cxd4 Qxg2# {White
checkmated} 0-1

[Event "ICC tourney 1970 (45 10)"]
[Site "Internet Chess Club"]
[Date "2020.08.22"]
[Round "2"]
[White "piforeveryone"]
[Black "Alberttheshow"]
[Result "1-0"]
[ICCResult "Black resigns"]
[WhiteElo "1209"]
[BlackElo "564"]
[Opening "Queen's pawn, Mason variation"]
[ECO "D00"]
[NIC "QP.08"]
[Time "13:31:46"]
[TimeControl "2700+10"]

1. d4 d5 2. Bf4 Nf6 3. e3 Bg4 4. Nf3 e6 5. Nbd2 Bb4 6. c3 Ba5 7. Qa4+ Nc6 8.
Ne5 Qd6 9. Nxc6 Qxc6 10. Bb5 Qxb5 11. Qxb5+ c6 12. Qxa5 O-O 13. h3 Bh5 14.
g4 Bg6 15. Qc7 Rab8 16. Qxb8 Rxb8 17. Bxb8 {Black resigns} 1-0

[Event "ICC tourney 1970 (45 10)"]
[Site "Internet Chess Club"]
[Date "2020.08.22"]
[Round "2"]
[White "ab4gm"]
[Black "emilyz"]
[Result "1-0"]
[ICCResult "Black checkmated"]
[WhiteElo "1201"]
[BlackElo "1032"]
[Opening "two knights defense: Wilkes Barre (Traxler) variation"]
[ECO "C57"]
[NIC "KP.01"]
[Time "13:31:51"]
[TimeControl "2700+10"]

1. e4 e5 2. Nf3 Nc6 3. Bc4 Nf6 4. Ng5 Bc5 5. Nxf7 Ke7 6. Nxd8 Kxd8 7. O-O d6
8. Nc3 Bg4 9. Qe1 Nd4 10. Bb3 Bb4 11. d3 Bxc3 12. Qxc3 Be2 13. Re1 Bh5 14.
Be3 Nb5 15. Qb4 Be8 16. Ba4 c6 17. Bxb5 cxb5 18. Qxd6+ Kc8 19. Bg5 Bh5 20.
Bxf6 gxf6 21. Qxf6 Rd8 22. Qf5+ Kb8 23. Qxh5 Rc8 24. Qxe5+ Rc7 25. Re3 Kc8
26. Rf3 Kd8 27. Qd6+ Kc8 28. Rf8# {Black checkmated} 1-0

[Event "ICC tourney 1970 (45 10)"]
[Site "Internet Chess Club"]
[Date "2020.08.22"]
[Round "2"]
[White "luckylol3"]
[Black "Anichess2009"]
[Result "1-0"]
[ICCResult "Black resigns"]
[WhiteElo "1349"]
[BlackElo "498"]
[Opening "Pirc defense"]
[ECO "B07"]
[NIC "PU.08"]
[Time "13:31:42"]
[TimeControl "2700+10"]

1. e4 d6 2. d4 Nf6 3. Bd3 g6 4. Nf3 Bg7 5. c4 O-O 6. Nc3 Nc6 7. O-O e5 8. d5
Nd4 9. Nxd4 exd4 10. Ne2 c5 11. dxc6 bxc6 12. Nxd4 c5 13. Nf3 Re8 14. Re1
Bb7 15. Qc2 Qa5 16. Bd2 Qb6 17. Bc3 Nd7 18. Bxg7 Kxg7 19. Qc3+ Kg8 20. Rad1
Re6 21. e5 Nxe5 22. Nxe5 Rxe5 23. Rxe5 dxe5 24. Qxe5 f6 25. Qe2 Kf7 26. Bc2
Qxb2 27. Bxg6+ Kxg6 28. Qxb2 {Black resigns} 1-0

[Event "ICC tourney 1970 (45 10)"]
[Site "Internet Chess Club"]
[Date "2020.08.22"]
[Round "2"]
[White "RohithRV199"]
[Black "swiecsd"]
[Result "1-0"]
[ICCResult "Black checkmated"]
[WhiteElo "1482"]
[BlackElo "1309"]
[Opening "Giuoco Piano"]
[ECO "C50"]
[NIC "IG.02"]
[Time "13:31:49"]
[TimeControl "2700+10"]

1. e4 e5 2. Nf3 Nc6 3. Bc4 Bc5 4. O-O Nf6 5. Nc3 O-O 6. d3 d6 7. h3 h6 8.
Be3 Bxe3 9. fxe3 a6 10. Qe1 b5 11. Bb3 Nb4 12. Qg3 Nh5 13. Qh4 Qxh4 14. Nxh4
Ng3 15. Rf3 Nh5 16. Raf1 c6 17. Bxf7+ Rxf7 18. Rxf7 Ng3 19. R1f3 Nh5 20. Rf2
Be6 21. Re7 Bc8 22. a3 g5 23. Ng6 Nd5 24. Rf8# {Black checkmated} 1-0

[Event "ICC tourney 1970 (45 10)"]
[Site "Internet Chess Club"]
[Date "2020.08.22"]
[Round "2"]
[White "lucachesschess"]
[Black "firelionpro"]
[Result "1-0"]
[ICCResult "Black resigns"]
[WhiteElo "1318"]
[BlackElo "916"]
[Opening "Grünfeld: exchange variation"]
[ECO "D85"]
[NIC "GI.04"]
[Time "13:31:46"]
[TimeControl "2700+10"]

1. d4 Nf6 2. c4 g6 3. Nc3 d5 4. cxd5 Nxd5 5. e4 Nxc3 6. bxc3 Bg7 7. Be3 c5
8. Rc1 O-O 9. h3 Nc6 10. Nf3 Qd7 11. d5 Na5 12. Bxc5 Qc7 13. Bd4 Nc4 14.
Bxg7 Kxg7 15. Qd4+ e5 16. Qxc4 Qxc4 17. Bxc4 Bd7 18. Nxe5 Ba4 19. Bb3 Bxb3
20. axb3 Rfe8 21. f4 f6 22. Nf3 Rxe4+ 23. Kf2 Rxf4 24. d6 f5 25. d7 g5 26.
Rhe1 Rd8 27. Rcd1 Kf7 28. Kg3 Re4 29. Nxg5+ Kf6 30. Nxe4+ {Black resigns}
1-0

[Event "ICC tourney 1970 (45 10)"]
[Site "Internet Chess Club"]
[Date "2020.08.22"]
[Round "2"]
[White "Snowzera"]
[Black "RoPac"]
[Result "0-1"]
[ICCResult "White checkmated"]
[WhiteElo "1046"]
[BlackElo "1425"]
[Opening "Ruy Lopez: exchange, Keres variation"]
[ECO "C68"]
[NIC "RL.08"]
[Time "13:31:47"]
[TimeControl "2700+10"]

1. e4 e5 2. Nf3 Nc6 3. Bb5 a6 4. Bxc6 dxc6 5. Nc3 Bd6 6. d4 exd4 7. Qxd4 Qe7
8. O-O Bc5 9. Qe5 Qxe5 10. Nxe5 Nf6 11. Bg5 Bd7 12. Bxf6 gxf6 13. Nxd7 Kxd7
14. Rad1+ Ke7 15. Rfe1 Rad8 16. Rxd8 Rxd8 17. e5 Bd4 18. exf6+ Kxf6 19. Ne4+
Kf5 20. Ng3+ Kg6 21. Rd1 Bxf2+ 22. Kxf2 Rxd1 23. Ke2 Ra1 24. a3 Ra2 25. Kd2
Rxb2 26. Kc3 Rb1 27. Ne4 Re1 28. Nc5 Re2 29. Nxb7 Rxg2 30. Nc5 Rxh2 31. Nxa6
Rh5 32. Nxc7 Rc5+ 33. Kb3 Kf5 34. c3 Ke5 35. Kb4 Kd6 36. a4 Kxc7 37. Kxc5
Kb7 38. a5 h5 39. a6+ Kxa6 40. Kxc6 h4 41. c4 h3 42. c5 h2 43. Kd6 h1=Q 44.
c6 Qd1+ 45. Kc7 Ka7 46. Kc8 Qc2 47. c7 Kb6 48. Kd8 Qxc7+ 49. Ke8 Qc6+ 50.
Kxf7 Qd6 51. Ke8 Qc7 52. Kf8 Qd7 53. Kg8 Qe7 54. Kh8 Kc6 55. Kg8 Kd6 56. Kh8
Ke6 57. Kg8 Kf6 58. Kh8 Qg7# {White checkmated} 0-1

[Event "ICC tourney 1970 (45 10)"]
[Site "Internet Chess Club"]
[Date "2020.08.22"]
[Round "2"]
[White "HeSteven"]
[Black "oliver-kc"]
[Result "0-1"]
[ICCResult "White resigns"]
[WhiteElo "1407"]
[BlackElo "1237"]
[Opening "Caro-Kann: advance variation"]
[ECO "B12"]
[NIC "CK.04"]
[Time "13:31:45"]
[TimeControl "2700+10"]

1. e4 c6 2. d4 d5 3. e5 Bf5 4. h3 e6 5. g4 Bg6 6. h4 h5 7. gxh5 Bxh5 8. Be2
Bxe2 9. Nxe2 Rxh4 10. Rxh4 Qxh4 11. Nd2 Qh1+ 12. Nf1 Nd7 13. Ng3 Qg2 14. Bg5
f6 15. exf6 gxf6 16. Bh4 O-O-O 17. f3 e5 18. Rc1 Qh3 19. dxe5 Nxe5 20. f4
Ng4 21. c3 Qxh4 {White resigns} 0-1

[Event "ICC tourney 1970 (45 10)"]
[Site "Internet Chess Club"]
[Date "2020.08.22"]
[Round "2"]
[White "MathMonkey"]
[Black "jerryjhzhang"]
[Result "1-0"]
[ICCResult "Black checkmated"]
[WhiteElo "1368"]
[BlackElo "903"]
[Opening "Ruy Lopez: 5.O-O"]
[ECO "C78"]
[NIC "RL.12"]
[Time "13:32:10"]
[TimeControl "2700+10"]

1. e4 e5 2. Nf3 Nc6 3. Bb5 a6 4. Ba4 Nf6 5. O-O b5 6. Bb3 Bc5 7. c3 d6 8. a4
Rb8 9. d4 Bb6 10. a5 Ba7 11. dxe5 dxe5 12. Qxd8+ Nxd8 13. Nxe5 O-O 14. Re1
Re8 15. Bf4 Bb7 16. Nd2 Rc8 17. Kf1 Kf8 18. Bd5 Bxd5 19. exd5 Nxd5 20. Nd7+
Kg8 21. Rxe8# {Black checkmated} 1-0

[Event "ICC tourney 1970 (45 10)"]
[Site "Internet Chess Club"]
[Date "2020.08.22"]
[Round "2"]
[White "AJRChess2011"]
[Black "lienegu"]
[Result "1-0"]
[ICCResult "Black resigns"]
[WhiteElo "1186"]
[BlackElo "1245"]
[Opening "Ruy Lopez: exchange, Keres variation"]
[ECO "C68"]
[NIC "RL.08"]
[Time "13:32:00"]
[TimeControl "2700+10"]

1. e4 e5 2. Nf3 Nc6 3. Bb5 a6 4. Bxc6 dxc6 5. Nc3 Bd6 6. d4 exd4 7. Qxd4 Nf6
8. e5 c5 9. Qa4+ b5 10. Nxb5 Bxe5 11. Nxc7+ Kf8 12. Nxa8 Bd7 13. Qxa6 g6 14.
O-O Kg7 15. Nxe5 Re8 16. Bf4 Nh5 17. Nxd7 Nxf4 18. Nab6 Qg5 19. Qb7 Ne2+ 20.
Kh1 Re3 21. fxe3 Qxe3 22. Qf3 Qxf3 23. Rxf3 {Black resigns} 1-0

[Event "ICC tourney 1970 (45 10)"]
[Site "Internet Chess Club"]
[Date "2020.08.22"]
[Round "2"]
[White "funstyle"]
[Black "LittlePawn135"]
[Result "0-1"]
[ICCResult "White checkmated"]
[WhiteElo "1144"]
[BlackElo "505"]
[Opening "Two knights defense (Modern bishop's opening)"]
[ECO "C24"]
[NIC "IG.04"]
[Time "13:31:49"]
[TimeControl "2700+10"]

1. e4 e5 2. Bc4 Nf6 3. d3 Nc6 4. Nf3 d6 5. h3 Be7 6. O-O Na5 7. Bb5+ c6 8.
Ba4 b5 9. Bb3 Nxb3 10. axb3 O-O 11. Bg5 Be6 12. Nc3 Qd7 13. Qd2 Bxh3 14.
gxh3 Qxh3 15. Bxf6 Qg4+ 16. Kh2 Bxf6 17. Qe2 Qf4+ 18. Kh1 Qh6+ 19. Nh2 Bg5
20. f3 Bf4 21. Qg2 f5 22. Rf2 fxe4 23. Kg1 Be3 24. Ng4 Bxf2+ 25. Qxf2 Qg6
26. Kh2 Qxg4 27. fxg4 Rxf2+ 28. Kg3 Raf8 29. Nxe4 R8f3+ 30. Kh4 Rg2 31. Rxa7
h6 32. Ra8+ Kh7 33. g5 hxg5+ 34. Nxg5+ Rxg5 35. Kxg5 Rf2 36. c4 bxc4 37.
bxc4 Rc2 38. Ra6 Rxb2 39. Rxc6 Rd2 40. Rxd6 e4 41. Kf4 exd3 42. Ke3 Rc2 43.
Kxd3 Rc1 44. Rc6 g5 45. Rc7+ Kh6 46. c5 g4 47. Ke3 Kg5 48. c6 g3 49. Kf3
Rc3+ 50. Kg2 Kf4 51. Rc8 Rc2+ 52. Kh3 Rh2# {White checkmated} 0-1

[Event "ICC tourney 1970 (45 10)"]
[Site "Internet Chess Club"]
[Date "2020.08.22"]
[Round "2"]
[White "Tuguldur"]
[Black "tundrarules"]
[Result "0-1"]
[ICCResult "White checkmated"]
[WhiteElo "1219"]
[BlackElo "1197"]
[Opening "Giuoco Pianissimo: Italian four knights variation"]
[ECO "C55"]
[NIC "IG.01"]
[Time "13:31:50"]
[TimeControl "2700+10"]

1. e4 e5 2. Nf3 Nc6 3. Bc4 Nf6 4. Nc3 Bc5 5. d3 d6 6. h3 h6 7. O-O O-O 8.
Be3 Bb6 9. Nd5 Be6 10. Nxf6+ Qxf6 11. Bxe6 Qxe6 12. Bxb6 axb6 13. d4 d5 14.
dxe5 dxe4 15. Nd4 Qxe5 16. Nxc6 bxc6 17. f4 Qxb2 18. Qb1 Qxb1 19. Raxb1 Rxa2
20. Rfe1 Re8 21. Rbc1 Ra4 22. Re3 c5 23. Rd1 Rd4 24. Ra1 Rc4 25. Re2 e3 26.
Ra7 Rxf4 27. Rxc7 Rd4 28. Rc6 Rd2 29. Re1 Rxc2 30. Rxb6 c4 31. Rbb1 c3 32.
Rb3 f5 33. Kh2 f4 34. h4 Rd8 35. Kh3 Rdd2 36. g3 e2 37. Kg4 Rd1 38. Rb8+ Kh7
39. Rxe2 Rxe2 40. Rc8 c2 41. gxf4 c1=Q 42. Rf8 Rg1+ 43. Kh5 g6#
{White checkmated}
0-1

[Event "ICC tourney 1970 (45 10)"]
[Site "Internet Chess Club"]
[Date "2020.08.22"]
[Round "2"]
[White "hustlficc"]
[Black "neelansh2489"]
[Result "0-1"]
[ICCResult "White checkmated"]
[WhiteElo "1188"]
[BlackElo "1139"]
[Opening "Four knights: Spanish, classical defense"]
[ECO "C48"]
[NIC "KP.03"]
[Time "13:31:47"]
[TimeControl "2700+10"]

1. e4 e5 2. Nf3 Nc6 3. Bb5 Nf6 4. Nc3 Bc5 5. O-O O-O 6. Bxc6 dxc6 7. Nxe5
Re8 8. Nf3 Nxe4 9. Nxe4 Rxe4 10. d3 Re8 11. Bg5 f6 12. Bf4 Bg4 13. h3 Bh5
14. Re1 Rxe1+ 15. Qxe1 Bxf3 16. gxf3 Qd7 17. Qf1 Bd6 18. Bxd6 cxd6 19. Re1
Qf7 20. c4 Qg6+ 21. Kh1 Qf5 22. Qg2 Qxd3 23. Rg1 g6 24. h4 Qxc4 25. h5 Qh4+
26. Qh2 Qxh2+ 27. Kxh2 g5 28. f4 h6 29. fxg5 fxg5 30. Rg3 Rf8 31. Kg2 d5 32.
Ra3 a6 33. Rb3 Rf7 34. Re3 Kg7 35. Re6 Rf6 36. Re7+ Rf7 37. Rxf7+ Kxf7 38.
Kg3 Ke6 39. Kg4 Ke5 40. f3 d4 41. Kg3 c5 42. Kf2 Kf4 43. Kg2 Ke3 44. Kf1 Kd2
45. Kf2 Kc2 46. Ke2 d3+ 47. Ke3 d2 48. Ke4 d1=Q 49. Kf5 Qxf3+ 50. Kg6 Qc6+
51. Kf5 Kd3 52. Kg4 Qe4+ 53. Kg3 Ke3 54. Kh3 Qf4 55. Kg2 Qf3+ 56. Kh2 Kf2
57. a3 Qg2# {White checkmated} 0-1

[Event "ICC tourney 1970 (45 10)"]
[Site "Internet Chess Club"]
[Date "2020.08.22"]
[Round "2"]
[White "april2012"]
[Black "FGMAmaniRapid"]
[Result "1-0"]
[ICCResult "Black checkmated"]
[WhiteElo "1548"]
[BlackElo "1327"]
[Opening "Queen's pawn: English defense"]
[ECO "A40"]
[NIC "QO.17"]
[Time "13:31:52"]
[TimeControl "2700+10"]

1. d4 b6 2. e4 Bb7 3. Nc3 Nf6 4. e5 Ne4 5. Nxe4 Bxe4 6. Nf3 Bb7 7. Bf4 d5 8.
Bd3 e6 9. c3 c5 10. Qc2 c4 11. Be2 g6 12. b3 cxb3 13. axb3 Bg7 14. O-O O-O
15. Qd2 Nd7 16. Bh6 Qc7 17. Rfc1 Rfc8 18. Bb5 Bc6 19. Ba6 Bb7 20. Bd3 Qc6
21. c4 dxc4 22. bxc4 Rc7 23. d5 Rac8 24. dxc6 Rxc6 25. Be4 R6c7 26. Bxb7
Rxb7 27. Bxg7 Kxg7 28. Qb4 Rbc7 29. Qb5 Nc5 30. Nd4 Nd3 31. Rc3 Nc5 32. Nb3
Ne4 33. Rcc1 Nc5 34. Nxc5 Rxc5 35. Qb4 a5 36. Qxb6 Rxe5 37. Rxa5 Re2 38. g3
f5 39. Qb7+ Kf6 40. Qxc8 h5 41. Qh8+ Kg5 42. f3 Re3 43. h4# {Black
checkmated} 1-0

[Event "ICC tourney 1970 (45 10)"]
[Site "Internet Chess Club"]
[Date "2020.08.22"]
[Round "2"]
[White "cappyal"]
[Black "sp04"]
[Result "0-1"]
[ICCResult "White resigns"]
[WhiteElo "1142"]
[BlackElo "1211"]
[Opening "Giuoco Piano: four knights variation"]
[ECO "C47"]
[NIC "KP.06"]
[Time "13:31:43"]
[TimeControl "2700+10"]

1. e4 e5 2. Nf3 Nc6 3. Nc3 Nf6 4. Bc4 Bc5 5. a3 d6 6. h3 Be6 7. Bxe6 fxe6 8.
d3 Qd7 9. Bg5 h6 10. Bxf6 gxf6 11. Qd2 O-O-O 12. O-O Rdg8 13. b4 Bb6 14.
Rfb1 Qg7 15. g3 Qxg3+ 16. Kf1 Qg2+ 17. Ke2 Qxf2+ 18. Kd1 Qxf3+ 19. Qe2 Rg1+
20. Kd2 Be3+ 21. Qxe3 Rg2+ 22. Ne2 Qxe3+ 23. Kxe3 Rhg8 24. Rg1 R2g5 25. Rxg5
Rxg5 26. Rg1 Rxg1 27. Nxg1 Nd4 28. c4 Kd7 29. Kf2 Kc6 30. Nf3 Nxf3 31. Kxf3
d5 32. exd5+ exd5 33. cxd5+ Kxd5 34. Kg4 Kd4 35. Kf5 Kxd3 36. Kxf6 e4 37.
Kg6 e3 38. Kxh6 e2 39. Kg7 e1=Q {White resigns} 0-1

[Event "ICC tourney 1970 (45 10)"]
[Site "Internet Chess Club"]
[Date "2020.08.22"]
[Round "2"]
[White "Jaguarking"]
[Black "mithu542"]
[Result "1-0"]
[ICCResult "Black checkmated"]
[WhiteElo "1135"]
[BlackElo "1193"]
[Opening "Sicilian defense"]
[ECO "B30"]
[NIC "SI.31"]
[Time "13:32:09"]
[TimeControl "2700+10"]

1. e4 c5 2. Nf3 Nc6 3. Bc4 g6 4. O-O Bg7 5. Nc3 e6 6. Re1 Nge7 7. d3 O-O 8.
Bg5 d5 9. exd5 exd5 10. Nxd5 Re8 11. Nf6+ Bxf6 12. Bxf6 Bf5 13. Ng5 Qc7 14.
Bxf7+ Kf8 15. Bxe8 Rxe8 16. Qe2 Ng8 17. Qxe8# {Black checkmated} 1-0

[Event "ICC tourney 1970 (45 10)"]
[Site "Internet Chess Club"]
[Date "2020.08.22"]
[Round "2"]
[White "LucasW2014"]
[Black "ChezBro"]
[Result "0-1"]
[ICCResult "White checkmated"]
[WhiteElo "1369"]
[BlackElo "1342"]
[Opening "Réti opening"]
[ECO "A04"]
[NIC "QP.11"]
[Time "13:31:49"]
[TimeControl "2700+10"]

1. Nf3 e6 2. d4 d5 3. Nc3 c6 4. Bf4 f5 5. e3 Nf6 6. Bd3 Bd6 7. Be5 Bxe5 8.
dxe5 Ne4 9. O-O O-O 10. Nd4 Qe7 11. Qf3 Nd2 12. Qg3 Nxf1 13. Rxf1 Bd7 14. f4
Be8 15. Rf3 c5 16. Ndb5 c4 17. Be2 Nd7 18. Nd6 Nc5 19. Qh3 Bg6 20. Rg3 Ne4
21. Ncxe4 fxe4 22. Bh5 Bxh5 23. Qxh5 g6 24. h4 d4 25. exd4 Rxf4 26. Qe2 Qxh4
27. Rh3 Qg4 28. Qxc4 e3 29. Qc7 h5 30. Qxb7 Raf8 31. Kh2 e2 32. Rg3 Qxg3+
33. Kxg3 e1=Q+ 34. Kh3 Qh4# {White checkmated} 0-1

[Event "ICC tourney 1970 (45 10)"]
[Site "Internet Chess Club"]
[Date "2020.08.22"]
[Round "2"]
[White "grumpyzeus"]
[Black "Trex226"]
[Result "0-1"]
[ICCResult "White resigns"]
[WhiteElo "1121"]
[BlackElo "1304"]
[Opening "Giuoco Piano: four knights variation"]
[ECO "C50"]
[NIC "IG.02"]
[Time "13:31:46"]
[TimeControl "2700+10"]

1. e4 e5 2. Nf3 Nc6 3. Bc4 Bc5 4. Nc3 Nf6 5. d4 exd4 6. Nxd4 Bxd4 7. e5 Bxe5
8. O-O O-O 9. Be3 d6 10. a3 Be6 11. Be2 Re8 12. h3 Qd7 13. Bd3 Bxh3 14. Qf3
Bg4 15. Bf5 Bxf5 16. Qd1 Bh3 17. Re1 Qg4 18. Qxg4 Bxg4 19. Nb5 d5 20. Bg5 a6
21. Bxf6 gxf6 22. Nc3 Bxc3 23. bxc3 Rxe1+ 24. Rxe1 Rd8 25. f3 Bf5 26. g4
Bxc2 27. f4 d4 28. cxd4 Nxd4 29. Kf2 Rd5 30. Re8+ Kg7 31. Re3 Ba4 32. Rd3 c6
33. Ke3 Nb5 34. Rxd5 cxd5 35. g5 fxg5 36. fxg5 Nxa3 37. Kf4 b5 38. Kf5 b4
{White resigns}
0-1

[Event "ICC tourney 1970 (45 10)"]
[Site "Internet Chess Club"]
[Date "2020.08.22"]
[Round "2"]
[White "eevee11"]
[Black "bsarvagnya"]
[Result "0-1"]
[ICCResult "White checkmated"]
[WhiteElo "857"]
[BlackElo "1345"]
[Opening "Ruy Lopez: Möller defense"]
[ECO "C70"]
[NIC "RL.09"]
[Time "13:31:50"]
[TimeControl "2700+10"]

1. e4 e5 2. Nf3 Nc6 3. Bb5 a6 4. Ba4 Bc5 5. O-O Nf6 6. c3 O-O 7. d4 exd4 8.
cxd4 Bb4 9. a3 Ba5 10. e5 Ne4 11. Qe2 d5 12. exd6 Nxd6 13. Qd3 Bf5 14. Qd1
b5 15. Bc2 Re8 16. Bd2 Bxd2 17. Qxd2 Ne4 18. Qd1 Qd7 19. d5 Ne5 20. Nd4 Bg6
21. Nb3 Nf6 22. Bxg6 Nxg6 23. Nc3 Re5 24. f4 Rh5 25. Nc5 Qd6 26. N5e4 Qb6+
27. Kh1 Nxe4 28. Nxe4 Rh6 29. Qg4 Re8 30. Rae1 Qd4 31. f5 Rh4 32. Qg5 Qe5
33. fxg6 Qxh2# {White checkmated} 0-1

[Event "ICC tourney 1970 (45 10)"]
[Site "Internet Chess Club"]
[Date "2020.08.22"]
[Round "2"]
[White "neptune46"]
[Black "ishban"]
[Result "1-0"]
[ICCResult "Black resigns"]
[WhiteElo "1107"]
[BlackElo "1151"]
[Opening "Giuoco Piano: four knights variation"]
[ECO "C50"]
[NIC "IG.02"]
[Time "13:31:47"]
[TimeControl "2700+10"]

1. e4 e5 2. Nf3 Nc6 3. Bc4 Bc5 4. Nc3 Nf6 5. O-O d6 6. h3 O-O 7. Re1 Be6 8.
Bb3 Na5 9. d3 Nxb3 10. axb3 c6 11. d4 exd4 12. Nxd4 Bxd4 13. Qxd4 c5 14. Qd3
d5 15. exd5 Nxd5 16. Nxd5 Qxd5 17. Qg3 Qh5 18. Re5 Qd1+ 19. Kh2 Qxc2 20. Bh6
Qg6 21. Rg5 Qxh6 22. Re1 g6 23. Rxc5 Qg5 24. Qxg5 {Black resigns} 1-0

[Event "ICC tourney 1970 (45 10)"]
[Site "Internet Chess Club"]
[Date "2020.08.22"]
[Round "2"]
[White "miyzhang"]
[Black "JKnapp"]
[Result "1-0"]
[ICCResult "Black checkmated"]
[WhiteElo "1327"]
[BlackElo "881"]
[Opening "Scandinavian (center counter) defense"]
[ECO "B01"]
[NIC "SD.02"]
[Time "13:32:00"]
[TimeControl "2700+10"]

1. e4 d5 2. exd5 Qxd5 3. Nc3 Qd8 4. d4 Nf6 5. Nf3 Bf5 6. Bf4 e6 7. Bc4 c6 8.
O-O Bd6 9. Bxd6 Qxd6 10. h3 Nbd7 11. Re1 O-O 12. a4 Rfe8 13. Bb3 Nf8 14. Nh4
Rad8 15. Nf3 c5 16. dxc5 Qxc5 17. Qe2 h6 18. Rad1 N8h7 19. Qe5 Qxe5 20. Nxe5
Ng5 21. Nb5 Rc8 22. Nd6 Red8 23. Nxc8 Rxc8 24. Nd7 Nfe4 25. Ne5 Rc5 26. Nd3
Rc6 27. f4 Nh7 28. Ne5 Rc7 29. Rd8+ Nf8 30. Red1 Nc5 31. Ra8 Nxb3 32. cxb3
Rc2 33. Rdd8 f6 34. Rxf8+ Kh7 35. Rh8# {Black checkmated} 1-0

[Event "ICC tourney 1970 (45 10)"]
[Site "Internet Chess Club"]
[Date "2020.08.22"]
[Round "2"]
[White "hasinideepak"]
[Black "arjunbupeshnath"]
[Result "0-1"]
[ICCResult "White checkmated"]
[WhiteElo "953"]
[BlackElo "888"]
[Opening "Two knights defense (Modern bishop's opening)"]
[ECO "C55"]
[NIC "IG.01"]
[Time "13:31:45"]
[TimeControl "2700+10"]

1. e4 e5 2. Nf3 Nc6 3. Bc4 Nf6 4. d3 Be7 5. O-O O-O 6. Nc3 d6 7. h3 h6 8. a3
Be6 9. Bxe6 fxe6 10. b4 a6 11. b5 axb5 12. Nxb5 d5 13. exd5 exd5 14. Re1 Bd6
15. Nh4 Qe8 16. d4 e4 17. Nf5 Qe6 18. Nh4 Kh7 19. f3 Bg3 20. Nxc7 Bxc7 21.
Re3 Bg3 22. fxe4 Nxe4 23. Nf3 Bf2+ 24. Kh1 Bxe3 25. Qe1 Nf2+ 26. Kh2 Qd6+
27. g3 Rxf3 28. Qg1 Ng4+ 29. hxg4 Bxg1+ 30. Kxg1 Qxg3+ 31. Kh1 Rf1#
{White checkmated}
0-1

[Event "ICC tourney 1970 (45 10)"]
[Site "Internet Chess Club"]
[Date "2020.08.22"]
[Round "2"]
[White "DiamondUnicorn"]
[Black "mimzhang"]
[Result "1-0"]
[ICCResult "Black checkmated"]
[WhiteElo "559"]
[BlackElo "1237"]
[Opening "Giuoco Piano"]
[ECO "C50"]
[NIC "IG.02"]
[Time "13:32:00"]
[TimeControl "2700+10"]

1. e4 e5 2. Nf3 Nc6 3. Bc4 Bc5 4. O-O Nf6 5. d3 d6 6. h3 h6 7. Nc3 g5 8. Nh2
Rg8 9. Be3 Bxe3 10. fxe3 g4 11. hxg4 Nxg4 12. Bxf7+ Kd7 13. Nxg4 Rg7 14. Bc4
Ke7 15. Nd5+ Ke8 16. Ndf6+ Kf8 17. Qf3 d5 18. Bxd5 Ke7 19. Nxh6 Qf8 20. Bc4
Kd8 21. Rad1 b6 22. d4 exd4 23. exd4 Rg6 24. Nhg4 Bxg4 25. Nxg4 Qxf3 26.
gxf3 Kd7 27. Kh2 Rh8+ 28. Kg3 Nb4 29. c3 Nc2 30. Kf2 c6 31. Ne5+ Kd6 32.
Nxg6 Rh2+ 33. Kg3 Rh6 34. Rd2 Ne3 35. Re1 Nxc4 36. Rg2 Rxg6+ 37. Kf2 Rxg2+
38. Kxg2 Nxb2 39. f4 Nd3 40. Rf1 Nb2 41. f5 Ke7 42. f6+ Kf7 43. e5 Nd3 44.
e6+ Kxe6 45. f7 c5 46. dxc5 bxc5 47. f8=Q Kd5 48. Rf5+ Kc4 49. Qxc5+ Nxc5
50. Kf3 a5 51. Ke3 a4 52. a3 Nb3 53. Rf4+ Kxc3 54. Rxa4 Nc5 55. Rb4 Nd3 56.
Rb8 Nb2 57. Rxb2 Kxb2 58. a4 Kb3 59. a5 Kb4 60. a6 Kb5 61. a7 Kb4 62. a8=Q
Kb3 63. Kd3 Kb2 64. Qe4 Kb3 65. Qd4 Ka2 66. Kc2 Ka3 67. Kc3 Ka2 68. Qa4+ Kb1
69. Qc2+ Ka1 70. Qb2# {Black checkmated} 1-0

[Event "ICC tourney 1970 (45 10)"]
[Site "Internet Chess Club"]
[Date "2020.08.22"]
[Round "2"]
[White "RockyWang"]
[Black "akhilv"]
[Result "0-1"]
[ICCResult "White checkmated"]
[WhiteElo "1368"]
[BlackElo "1269"]
[Opening "Sicilian: Najdorf, 6.Bg5"]
[ECO "B94"]
[NIC "SI.04"]
[Time "13:31:47"]
[TimeControl "2700+10"]

1. e4 c5 2. Nf3 d6 3. d4 cxd4 4. Nxd4 Nf6 5. Nc3 a6 6. Bg5 e5 7. Nb3 Be7 8.
Bd3 O-O 9. O-O h6 10. Bh4 Nc6 11. Qf3 Bg4 12. Qe3 Rc8 13. f3 Be6 14. Bf2 d5
15. exd5 Nxd5 16. Nxd5 Qxd5 17. Rad1 Nd4 18. c3 Bg5 19. Qe1 Nxf3+ 20. gxf3
Qxf3 21. Qe2 Qh3 22. Qe4 f5 23. Qxb7 Rcd8 24. Qg2 Rxd3 25. Rxd3 Qxd3 26. Nc5
Qd5 27. Qxd5 Bxd5 28. Nxa6 Bc4 29. Bc5 Bxf1 30. Bxf8 Bxa6 31. Bc5 e4 32. Kf2
f4 33. b4 Bh4+ 34. Kg2 e3 35. Kf3 e2 36. Bf2 e1=Q 37. Bxe1 Bxe1 38. a4 Bxc3
39. b5 Bxb5 40. axb5 Ba5 41. Kxf4 Kf8 42. h4 Ke7 43. Ke5 Kd7 44. Kd5 Kc7 45.
Ke6 g5 46. hxg5 hxg5 47. Kf5 Bd2 48. Kg4 Kb6 49. Kf3 Kxb5 50. Kg3 Kc5 51.
Kg2 Kd4 52. Kf3 Ke5 53. Kg4 Ke4 54. Kg3 Kf5 55. Kf3 g4+ 56. Kg3 Kg5 57. Kg2
Kh4 58. Kh2 g3+ 59. Kg2 Kg4 60. Kg1 Kf3 61. Kf1 g2+ 62. Kg1 Be3+ 63. Kh2
g1=Q+ 64. Kh3 Qg3# {White checkmated} 0-1